Map: Vaani Research Station (Void)

Players

contralogic

  • Race: Terran Terran
  • League: Gold
  • Spawn Location: 12:00

Fropez - Winner!

  • Race: Protoss Protoss
  • League: Gold
  • Spawn Location: 6:00

VOD

Have the link to the VOD?

Description

Time

  • Played on: Dec. 25, 2016, 1:15 p.m.
  • Length: 11:07
Show
View Real Time Build Order
Export as new Build Order

contralogic Terran 

Build Orders:  

Get SALT Encoding   

  12  0:00  SCV  
  13  0:13  SCV  
  14  0:20  Supply Depot  
  14  0:25  SCV  
  15  0:33  Refinery  
  15  0:42  SCV  
  16  0:47  Barracks  
  16  0:54  SCV  
  17  0:59  Supply Depot  
  17  1:06  SCV  
  18  1:18  SCV  
  19  1:30  SCV  
  20  1:37  Marine  
  21  1:43  Orbital Command, Refinery  
  21  1:55  Marine  
  22  2:10  SCV  
  22  2:13  Marine  
  24  2:31  Marine, SCV  
  26  2:43  SCV  
  27  2:47  Command Center  
  27  2:48  Marine  
  28  2:55  Factory  
  28  3:01  SCV  
  28  3:04  Engineering Bay  
  29  3:08  Supply Depot  
  29  3:11  Barracks Tech Lab  
  29  3:14  SCV  
  30  3:26  SCV  
  31  3:32  Terran Infantry Weapons Level 1  
  31  3:38  SCV  
  32  3:45  Starport  
  32  3:49  Cyclone  
  32  3:50  Marine, Missile Turret  
  32  3:54  Missile Turret  
  36  4:09  Refinery  
  36  4:10  SCV  
  37  4:19  Missile Turret  
  37  4:20  Marine  
  37  4:21  Cyclone  
  37  4:22  SCV  
  42  4:25  Medivac  
  44  4:35  Orbital Command  
  44  4:41  Marine  
  44  4:44  Combat Shields  
  45  4:46  SCV  
  46  4:56  Refinery  
  46  4:58  Widow Mine, Medivac  
  50  5:01  Marine  
  50  5:04  SCV  
  52  5:07  Supply Depot  
  52  5:18  SCV, Armory  
  52  5:19  SCV  
  54  5:29  Medivac  
  54  5:31  SCV  
  54  5:32  Terran Infantry Armor Level 1  
  57  5:36  Supply Depot  
  57  5:37  Widow Mine  
  59  5:43  SCV  
  59  5:48  Marine  
  61  5:57  SCV  
  62  5:59  Medivac  
  64  6:06  Marauder, Cyclone, Terran Vehicle And Ship Armor Level 1  
  64  6:08  Supply Depot  
  56  6:41  Medivac  
  57  6:52  SCV  
  57  6:53  Command Center  
  56  6:55  Marauder  
  56  6:56  Concussive Shells  
  56  6:57  Factory  
  58  7:04  SCV  
  58  7:06  Command Center  
  59  7:09  Cyclone  
  59  7:11  Medivac  
  64  7:16  SCV  
  65  7:25  Terran Infantry Weapons Level 2  
  63  7:31  Marauder  
  65  7:46  Starport Tech Lab  
  68  7:51  Cyclone  
  68  7:54  Marauder  
  68  7:56  Stimpack  
  73  7:58  Cyclone  
  73  8:02  Terran Vehicle And Ship Armor Level 2  
  73  8:05  Orbital Command  
  73  8:07  SCV  
  71  8:19  Medivac  
  62  8:30  Widow Mine  
  50  8:49  Marine  
  50  8:51  Cyclone  
  52  8:55  Orbital Command  
  52  8:58  SCV  
  52  8:59  Cyclone  
  47  9:22  Marauder  
  47  9:23  Cyclone  
  48  9:31  Cyclone  
  47  9:32  Orbital Command  
  40  9:44  Marauder  
  42  9:46  Orbital Command  
  42  9:56  Cyclone  
  45  10:03  Cyclone  
  45  10:04  Supply Depot  
  45  10:05  Marauder  
  50  10:19  SCV  
  51  10:26  Marauder, Medivac  
  51  10:28  Hellion  
  57  10:31  SCV, Supply Depot  
  57  10:33  Supply Depot  
  60  10:35  Hellion  
  60  10:44  SCV  
  60  10:46  SCV  
  60  10:47  Marine  
  65  10:50  Refinery  
Show
View Real Time Build Order
Export as new Build Order

Fropez Protoss - Winner!

Build Orders: Nexus First 

Get SALT Encoding   

  12  0:00  Probe (Chrono Boost)  
  13  0:11  Probe (Chrono Boost)  
  14  0:19  Pylon  
  14  0:25  Probe (Chrono Boost)  
  15  0:37  Probe (Chrono Boost)  
  16  0:47  Probe (Chrono Boost)  
  17  1:02  Nexus  
  17  1:11  Gateway  
  17  1:17  Probe (Chrono Boost)  
  18  1:21  Assimilator  
  18  1:30  Pylon  
  18  1:37  Probe (Chrono Boost)  
  19  1:49  Probe (Chrono Boost)  
  20  1:56  Gateway  
  20  2:00  Probe (Chrono Boost)  
  21  2:06  Cybernetics Core  
  21  2:10  Probe (Chrono Boost)  
  21  2:14  Cybernetics Core  
  22  2:22  Probe (Chrono Boost)  
  23  2:23  Probe (Chrono Boost)  
  24  2:31  Assimilator  
  24  2:32  Probe (Chrono Boost)  
  24  2:33  Probe (Chrono Boost)  
  26  2:42  Pylon  
  25  2:49  Adept x2  
  29  2:53  Probe (Chrono Boost)  
  29  2:54  Probe (Chrono Boost)  
  31  3:04  Probe (Chrono Boost)  
  32  3:06  Mothership Core (Chrono Boost)  
  32  3:07  Warp Gate  
  34  3:15  Probe (Chrono Boost)  
  37  3:25  Probe (Chrono Boost)  
  36  3:44  Gateway  
  36  3:48  Probe (Chrono Boost)  
  38  3:49  Probe (Chrono Boost)  
  38  3:51  Robotics Facility  
  38  3:53  Assimilator  
  38  3:56  Stalker  
  38  3:58  Assimilator, Stalker  
  38  3:59  Probe (Chrono Boost)  
  38  4:01  Pylon  
  44  4:04  Probe (Chrono Boost)  
  44  4:11  Probe (Chrono Boost)  
  44  4:16  Probe (Chrono Boost)  
  46  4:22  Probe (Chrono Boost)  
  47  4:27  Pylon  
  47  4:28  Probe (Chrono Boost)  
  48  4:32  Probe (Chrono Boost)  
  48  4:34  Adept x2  
  53  4:39  Observer  
  53  4:43  Pylon  
  53  4:45  Adept, Pylon, Probe (Chrono Boost)  
  58  4:47  Probe (Chrono Boost)  
  58  4:56  Probe (Chrono Boost)  
  58  4:59  Warp Prism, Probe (Chrono Boost)  
  62  5:08  Twilight Council  
  62  5:16  Stalker x2  
  62  5:20  Probe (Chrono Boost)  
  68  5:21  Probe (Chrono Boost)  
  68  5:26  Gateway, Stalker  
  70  5:31  Probe (Chrono Boost)  
  70  5:35  Probe (Chrono Boost)  
  72  5:40  Blink  
  72  5:41  Probe (Chrono Boost)  
  73  5:50  Pylon  
  73  5:53  Adept x2, Pylon  
  77  5:58  Observer  
  78  6:10  Probe x2 (Chrono Boost)  
  80  6:15  Pylon  
  80  6:21  Pylon  
  72  6:40  Observer  
  72  6:41  Stalker x2  
  72  6:42  Stalker  
  79  7:03  Gateway  
  79  7:05  Probe x2 (Chrono Boost), Gateway  
  79  7:07  Gateway  
  81  7:14  Stalker x4  
  89  7:28  Resonating Glaives  
  87  7:41  Pylon  
  87  7:51  Templar Archives  
  87  7:56  Stalker x3  
  87  7:57  Stalker  
  95  8:09  Nexus  
  95  8:13  Assimilator  
  95  8:17  Assimilator  
  95  8:22  Pylon  
  95  8:25  Pylon  
  95  8:28  Pylon  
  92  8:41  Adept x2  
  92  8:42  Adept x2  
  100  9:07  Stalker x3  
  100  9:08  Stalker  
  94  9:21  Stalker x3  
  98  9:37  Probe (Chrono Boost)  
  98  9:38  Probe (Chrono Boost)  
  98  9:43  Probe (Chrono Boost)  
  99  9:49  High Templar x4, Probe (Chrono Boost)  
  99  9:50  High Templar x3, Probe (Chrono Boost)  
  115  9:53  Archon x2  
  115  9:54  Archon  
  115  9:57  Probe (Chrono Boost)  
  116  10:02  Probe x2 (Chrono Boost)  
  116  10:04  Gateway  
  118  10:07  Gateway  
  118  10:11  Gateway  
  118  10:15  Observer  
  118  10:20  Pylon x2  
  119  10:22  Nexus  
  119  10:24  Gateway  
  119  10:25  Gateway  
  119  10:26  Probe (Chrono Boost)  
  119  10:27  Probe x2 (Chrono Boost)  
  122  10:31  Gateway, Stalker  
  122  10:32  Stalker x4  
  122  10:33  Gateway, Stalker x2  
Tags
 
Add a new tag
Caveats
  • Supply blocks, unpowered buildings, or Contaminate may cause inaccurate times.
  • Supply counts are checked every 10 seconds.